 Dungeon Crawl Stone Soup version 0.31.0 (webtiles) character file.

Game seed: 14813236474040975491

196 qw the Shooter (level 5, -1/32 HPs)
             Began as a Gargoyle Hunter on Jan 20, 2024.
             Slain by Pikel
             ... wielding a +0 whip of flaming
              (4 damage)
             ... on level 3 of the Dungeon.
             The game lasted 00:00:13 (2376 turns).

qw the Shooter (Gargoyle Hunter)                    Turns: 2376, Time: 00:00:13

Health: -1/32      AC: 11    Str: 15      XL:     5   Next: 75%
Magic:  5/5        EV: 11    Int:  9      God:
Gold:   137        SH:  0    Dex: 14 (15) Spells: 4/4 levels left

rFire   . . .        a - +1 shortbow
rCold   + . .        (shield currently unavailable)
rNeg    + . .        h - +0 ring mail
rPois   inf          (no helmet)
rElec   +            (no cloak)
rCorr   .            j - +0 pair of gloves
SInv    .            m - +0 pair of boots
Will    .....        (no amulet) Stlth
                     d - ring of protection from cold
HPRegen 0.25/turn    (no ring)
MPRegen 0.09/turn

%: no passive effects
@: confused
A: sickness immunity, AC +4, negative energy resistance 1, electricity
resistance, torment resistance 1, petrification resistance
a: no special abilities


You were on level 3 of the Dungeon.
You visited 1 branch of the dungeon, and saw 4 of its levels.

You collected 160 gold pieces.
You spent 23 gold pieces at shops.


Innate Abilities, Weirdness & Mutations

You are immune to sickness and miasma.
Your stone body is resilient. (AC +4)
You are immune to poison.
You resist negative energy. (rN+)
You are resistant to electric shocks. (rElec)
You are resistant to unholy torment.
You are immune to petrification.


   Skills:
 + Level 3.1 Fighting
 - Level 6.1 Ranged Weapons
 - Level 1.9 Armour
 - Level 1.5 Dodging
 - Level 1.1 Stealth


You had 4 spell levels left.
You didn't know any spells.
Your spell library was empty.

Inventory:

Hand Weapons
 a - a +1 shortbow (weapon)
Armour
 h - a +0 ring mail (worn)
 j - a +0 pair of gloves (worn)
 m - a +0 pair of boots (worn)
Jewellery
 d - a ring of protection from cold (left hand)
Potions
 c - a potion of lignification {unknown}
 f - a potion of resistance
 l - a potion of attraction {unknown}
 n - a potion of might {unknown}

Dungeon Overview and Level Annotations

Branches:
Dungeon (4/15)
 Temple: D:4-7

Altars:

Shops:
D:2 *

Annotations:
D:3 Pikel


Message History

You shoot an arrow. The arrow barely misses Pikel.
Pikel closely misses you.
You shoot an arrow.
The arrow hits Pikel but does no damage.
Pikel hits you with a +0 whip of flaming.
Pikel burns you.
You shoot an arrow.
The arrow hits Pikel but does no damage.
Pikel zaps a wand.
Your will is overpowered!
You are confused.
Pikel hits you with a +0 whip of flaming.
Pikel burns you.
Pikel zaps a wand.
Your will is overpowered!
You are more confused.
Pikel hits you with a +0 whip of flaming.
Pikel burns you. Pikel hits you but does no damage.
Pikel hits you with a +0 whip of flaming!
Pikel burns you. Pikel barely misses you. Pikel barely misses you.
Pikel zaps a wand.
Your will is overpowered!
You are more confused.
Pikel closely misses you.
Pikel zaps a wand.
Your will is overpowered!
You are more confused.
Pikel hits you with a +0 whip of flaming.
Pikel burns you. Pikel closely misses you.
Pikel hits you with a +0 whip of flaming.
Pikel burns you. Pikel hits you but does no damage. Pikel closely misses you.
Pikel hits you with a +0 whip of flaming.
Pikel burns you. Pikel closely misses you. Pikel barely misses you.
Pikel hits you with a +0 whip of flaming.
You die...
Pikel says, "See you in Hell!"

######## ########
#......# #......#
#.####.# #.####.#
#.####.##
#.####.###.#......
#.#..........##.##
#.#.##.###...##.#
#@#.##.##.......#
#K.....#.#...#.##
###.#####.#.#.##
#.######.#.#####
#.#............#
#.#.<..........#
##..............#
#...............#
#.##.......(....#


You could see Pikel.

Vanquished Creatures
  3 lemures (D:3)
  Natasha (thrice) (D:3)
  3 gnolls (D:2)
  2 adders (D:2)
  2 ribbon worms (D:2)
  5 orcs (D:3)
  3 endoplasms
  4 giant cockroaches (D:3)
  11 goblins
  9 hobgoblins
  2 jackals (D:3)
  2 kobolds (D:3)
  3 quokkas
  3 ball pythons
  2 bats (D:1)
  2 frilled lizards
  10 rats
69 creatures vanquished.

Notes
Turn   | Place    | Note
-------+----------+-------------------------------------------
     0 | D:1      | qw the Gargoyle Hunter began the quest for the Orb.
     0 | D:1      | Reached XP level 1. HP: 12/12 MP: 1/1
     0 | D:1      | 0 ||| qw: Version: 0.3-a-132-g3d54051
     0 | D:1      | 0 ||| qw: Game counter: 526
     0 | D:1      | 0 ||| qw: Melee chars always use a shield: true
     0 | D:1      | 0 ||| qw: God list: Okawaru
     0 | D:1      | 0 ||| qw: Allow faded altars: false
     0 | D:1      | 0 ||| qw: Do Orc after clearing Dungeon:15 true
     0 | D:1      | 0 ||| qw: Do second Lair branch before Depths: true
     0 | D:1      | 0 ||| qw: Lair rune preference: random
     0 | D:1      | 0 ||| qw: Goals: Normal
     0 | D:1      | 0 ||| PLANNING D:1-11
    51 | D:1      | Reached XP level 2. HP: 17/17 MP: 2/2
   233 | D:1      | HP: 2/17 [hobgoblin (4)]
   447 | D:1      | Reached XP level 3. HP: 21/21 MP: 3/3
   518 | D:1      | 518 ||| UPGRADING to +0 pair of gloves.
   523 | D:1      | 523 ||| UPGRADING to ring of protection from cold.
   524 | D:1      | 524 ||| READING 2 scrolls labelled LUARPH VUIF.
   524 | D:1      | 524 ||| IDENTIFYING blue potion
   525 | D:1      | 525 ||| READING scroll of identify.
   525 | D:1      | 525 ||| IDENTIFYING glowing red potion
   526 | D:1      | 526 ||| READING scroll labelled RULATA PAL SOW.
   527 | D:1      | 527 ||| DROPPING scroll of butterflies.
   538 | D:2      | Reached skill level 5 in Ranged Weapons
   596 | D:2      | Found Ocuonunt's Assorted Antiques.
   599 | D:2      | 599 ||| SHOPLISTING cloak (103 gold, have 60).
   599 | D:2      | 599 ||| SHOPLISTING glass ring (115 gold, have 60).
   599 | D:2      | 599 ||| SHOPLISTING gold wand (92 gold, have 60).
   599 | D:2      | 599 ||| SHOPLISTING helmet (103 gold, have 60).
   599 | D:2      | 599 ||| BUYING scroll labelled XEZ TOIKOVVEO (23 gold).
   599 | D:2      | Bought a scroll labelled XEZ TOIKOVVEO for 23 gold pieces
   599 | D:2      | 599 ||| SHOPLISTING scroll of identify (46 gold, have 37).
   600 | D:2      | 600 ||| RETREEEEATING.
   601 | D:2      | 601 ||| RETREEEEATING.
   609 | D:2      | Reached skill level 3 in Fighting
   609 | D:2      | Reached XP level 4. HP: 23/28 MP: 4/4
  1001 | D:2      | 1001 ||| UPGRADING to +0 ring mail.
  1011 | D:2      | 1011 ||| DROPPING +0 leather armour.
  1012 | D:2      | 1012 ||| UPGRADING to +0 pair of boots.
  1017 | D:2      | 1017 ||| READING scroll labelled XEZ TOIKOVVEO.
  1018 | D:2      | 1018 ||| FLEEEEING.
  1128 | D:2      | 1128 ||| READING scroll labelled NOHUIXZ UHAR.
  1128 | D:2      | 1128 ||| ENCHANTING +0 shortbow.
  1129 | D:2      | 1129 ||| READING scroll labelled OTHRUO RERI.
  1130 | D:2      | 1130 ||| DRINKING 2 inky potions.
  1131 | D:2      | 1131 ||| DROPPING potion of degeneration.
  1471 | D:3      | Noticed Natasha
  1479 | D:3      | Killed Natasha
  1480 | D:3      | Reached skill level 1 in Armour
  1480 | D:3      | Reached XP level 5. HP: 17/32 MP: 5/5
  1488 | D:3      | 1488 ||| FLEEEEING.
  1505 | D:3      | Noticed Natasha
  1506 | D:3      | 1506 ||| FLEEEEING.
  1507 | D:3      | 1507 ||| FLEEEEING.
  1511 | D:3      | Killed Natasha
  2002 | D:3      | Noticed Natasha
  2005 | D:3      | 2005 ||| FLEEEEING.
  2006 | D:3      | 2006 ||| FLEEEEING.
  2007 | D:3      | 2007 ||| FLEEEEING.
  2008 | D:3      | 2008 ||| FLEEEEING.
  2012 | D:3      | Killed Natasha
  2013 | D:3      | Reached skill level 6 in Ranged Weapons
  2044 | D:3      | 2044 ||| READING scroll labelled SIQUZA NUFRO.
  2103 | D:4      | Noticed Pikel
  2103 | D:4      | Noticed a lemure
  2103 | D:4      | Noticed a lemure
  2103 | D:4      | Noticed a lemure
  2103 | D:4      | Noticed a lemure
  2104 | D:4      | 2104 ||| RETREEEEATING.
  2108 | D:4      | 2108 ||| RETREEEEATING.
  2109 | D:4      | 2109 ||| STAIRDANCE
  2130 | D:3      | Killed a lemure
  2155 | D:4      | 2155 ||| STAIRDANCE
  2176 | D:3      | Killed a lemure
  2177 | D:3      | 2177 ||| FLEEEEING.
  2186 | D:3      | 2186 ||| STAIRDANCE
  2240 | D:4      | 2240 ||| STAIRDANCE
  2250 | D:3      | Killed a lemure
  2255 | D:3      | 2255 ||| FLEEEEING.
  2264 | D:3      | 2264 ||| STAIRDANCE
  2347 | D:4      | 2347 ||| STAIRDANCE
  2354 | D:3      | 2354 ||| DRINKING potion of curing.
  2354 | D:3      | 2354 ||| (to cure confusion)
  2362 | D:3      | HP: 8/32 [Pikel/+0 whip of flaming (1)]
  2368 | D:3      | HP: 8/32 [Pikel/+0 whip of flaming (1)]
  2370 | D:3      | HP: 3/32 [Pikel/+0 whip of flaming (1)]
  2376 | D:3      | Slain by Pikel

Levels and vault maps discovered:
D:1:      ebering_hopf_link, layout_rooms, minmay_pentomino_p4
D:2:      layout_rooms, serial_shops, nicolae_shop_behind_doors,
          kennysheep_generic_room_15
D:3:      layout_loops_cross, kennysheep_potato, uniq_natasha
D:4:      layout_rooms, uniq_pikel, uniq_robin

Skill      XL: |  1  2  3  4  5 |
---------------+----------------+-----
Ranged Weapons | 5 6 |  6.1
Fighting       | 3 |  3.1
Armour         | 1 |  1.9
Dodging        | |  1.5
Stealth        | |  1.1

Action                     |  1- 3 |  4- 6 || total
---------------------------+-------+-------++-------
   Fire: Shortbow          |    85 |   180 ||   265
    Use: Scroll            |     3 |     4 ||     7
         Potion            |       |     2 ||     2
 Armour: Leather armour    |    24 |     7 ||    31
         Ring mail         |       |    93 ||    93
  Dodge: Dodged            |    17 |    89 ||   106

Table legend:
 A = Non-vault XP
 B = Vault XP
 C = Vault XP percentage of total XP
 D = Non-vault monster count
 E = Vault monster count
 F = Vault count percentage of total count
                 A         B        C        D         E       F
            +---------+---------+-------+---------+---------+-------
      Total |     237 |      44 |  15.7 |      59 |       7 |  10.6
            +---------+---------+-------+---------+---------+-------
        D:1 |      31 |       7 |  18.4 |      18 |       4 |  18.2
        D:2 |      87 |       0 |   0.0 |      14 |       0 |   0.0
        D:3 |     119 |      37 |  23.7 |      27 |       3 |  10.0
            +---------+---------+-------+---------+---------+-------
